 Dungeon Crawl Stone Soup version 0.21.1-1-g345015f (webtiles) character file.

42 ClockworkOrrery the Magician (level 3, -2/22 HPs)
             Began as a Gargoyle Wizard on Apr 2, 2018.
             Slain by mole0619's ghost (5 damage)
             ... on level 3 of the Dungeon.
             The game lasted 00:06:35 (1925 turns).

ClockworkOrrery the Magician (Gargoyle Wizard)      Turns: 1925, Time: 00:06:35

Health: -2/22      AC: 13    Str: 13    XL:     3   Next: 56%
Magic:  7/7        EV:  3    Int: 19    God:
Gold:   80         SH:  0    Dex:  8    Spells: 7/8 levels left

rFire    . . .     SeeInvis .   q - +1 spear (pierce)
rCold    . . .     Gourm    .   (no shield)
rNeg     + . .     Faith    .   p - +0 plate armour
rPois    ∞         Spirit   .   b - +0 hat
rElec    +         Reflect  .   (no cloak)
rCorr    .         Harm     .   (no gloves)
MR       .....                  h - -1 pair of boots
Stlth    ..........             (no amulet)
HPRegen  0.07/turn              e - +3 ring of strength
MPRegen  0.10/turn              (no ring)

@: no status effects
A: negative energy resistance 1, electricity resistance, unbreathing,
petrification resistance, rot immunity, AC +3
a: no special abilities


You were on level 3 of the Dungeon.
You were not hungry.

You visited 1 branch of the dungeon, and saw 3 of its levels.

You collected 80 gold pieces.

Inventory:

Hand Weapons
 q - a +1 spear of piercing (weapon)
Armour
 b - a +0 hat (worn)
 h - a -1 pair of boots (worn)
 p - a +0 plate armour (worn)
Jewellery
 e - a +3 ring of strength (left hand)
Scrolls
 a - a scroll of teleportation {unknown}
 f - a scroll of magic mapping
 j - a scroll of remove curse
Potions
 i - 2 potions of curing {unknown}
 k - 2 potions of lignification {unknown}
 l - a potion of might {unknown}
Books
 c - a book of Minor Magic

   Spells                             Type                      Level
   a - Magic Dart                     Conjuration                  1
   b - Blink                          Translocation                2
   c - Call Imp                       Summoning                    2
   d - Slow                           Hexes                        2
   e - Conjure Flame                  Conjuration/Fire             3
   f - Mephitic Cloud                 Conjuration/Poison/Air       3
Comestibles
 d - 7 rations
 m - a chunk of flesh


   Skills:
 * Level 2.3 Fighting
 + Level 1.4 Armour
 + Level 2.0 Dodging
 - Level 2.1 Stealth
 - Level 3.0 Spellcasting
 - Level 1.1 Conjurations
   Level 0.8 Summonings
   Level 0.8 Translocations


You had 7 spell levels left.
You knew the following spells:

 Your Spells              Type           Power        Failure   Level  Hunger
a - Magic Dart            Conj           #...         100%        1    None


Dungeon Overview and Level Annotations

Branches:
Dungeon (3/15)

Altars:
Vehumet

Annotations:
D:3 mole0619's ghost, amateur GrFi


Innate Abilities, Weirdness & Mutations

You are resistant to torment.
Your stone body is resilient. (AC +3)
You are immune to poison.
You resist negative energy. (rN+)
You are resistant to electric shocks. (rElec)
You can survive without breathing.
You are immune to petrification.
You are immune to rotting.


Message History

Mole0619's ghost hits you but does no damage.
You closely miss mole0619's ghost.
Mole0619's ghost is moderately damaged.
Mole0619's ghost hits you but does no damage.
You closely miss mole0619's ghost.
Mole0619's ghost is moderately damaged.
Mole0619's ghost hits you.
You hit mole0619's ghost but do no damage.
Mole0619's ghost is moderately damaged.
Mole0619's ghost hits you.
You closely miss mole0619's ghost.
Mole0619's ghost is moderately damaged.
Mole0619's ghost hits you but does no damage.
You hit mole0619's ghost but do no damage.
Mole0619's ghost is moderately damaged.
Mole0619's ghost hits you but does no damage.
Mole0619's ghost hits you.
* * * LOW HITPOINT WARNING * * *
Mole0619's ghost hits you.
You die...

# #### .#
##...###.##
#. #..#...#
#.###@<.#
#..#.W#...#
#...## ###
##.## #.#
#.# #.# #.#
#.#


You could see mole0619's ghost.

Vanquished Creatures
  An adder (D:1)
  A leopard gecko (D:1)
  A ball python (D:1)
  3 giant cockroaches
  2 hobgoblins (D:1)
  3 jackals (D:2)
  A quokka (D:2)
  5 bats
  2 frilled lizards
  6 kobolds
  6 rats
31 creatures vanquished.

Vanquished Creatures (others)
  A frilled lizard (D:2)
1 creature vanquished.

Grand Total: 32 creatures vanquished

Notes
Turn   | Place    | Note
-------+----------+-------------------------------------------
     0 | D:1      | ClockworkOrrery the Gargoyle Wizard began the quest for the Orb.
     0 | D:1      | Reached XP level 1. HP: 10/10 MP: 4/4
   432 | D:1      | Reached skill level 1 in Fighting
   432 | D:1      | Reached XP level 2. HP: 16/16 MP: 0/6
  1104 | D:1      | Reached skill level 1 in Armour
  1104 | D:1      | Reached XP level 3. HP: 14/21 MP: 7/7
  1708 | D:2      | Found a radiant altar of Vehumet.
  1901 | D:3      | Noticed mole0619's ghost (amateur GrFi)
  1925 | D:3      | Slain by mole0619's ghost

Skill      XL: |  1  2  3 |
---------------+----------+-----
Fighting       | 1 2 |  2.3
Armour         | 1 |  1.4
Dodging        | 2 |  2.0
Stealth        | |  2.1
Spellcasting   | |  3.0
Conjurations   | |  1.1
Summonings     | |  0.8
Translocations | |  0.8

Action                   || total
-------------------------++-------
Melee: Unarmed           ||    38
       Mace              ||    53
       Spear             ||    35
 Cast: Magic Dart        ||    40
  Use: Scroll            ||     6
  Eat: Chunk             ||     3
Armor: Robe              ||    30
       Plate armour      ||    37
Dodge: Dodged            ||    90
